 Dungeon Crawl Stone Soup version 0.31.0-11-ge490571c62 (webtiles) character file.

Game seed: 17322547215846136421

79 Ashen the Sneak (level 4, -2/32 HPs)
             Began as a Gnoll Enchanter on Feb 3, 2024.
             Slain by Ijyb
             ... wielding a +0 dagger
              (5 damage)
             ... on level 3 of the Dungeon.
             The game lasted 00:03:39 (2152 turns).

Ashen the Sneak (Gnoll Enchanter)                   Turns: 2152, Time: 00:03:39

Health: -2/32      AC:  2    Str:  8    XL:     4   Next: 37%
Magic:  2/11       EV: 13    Int: 14    God:
Gold:   136        SH:  0    Dex: 14    Spells: 2/13 levels left

rFire   . . .        a - +1 dagger
rCold   . . .        (no shield)
rNeg    . . .        b - +0 robe
rPois   .            (no helmet)
rElec   .            (no cloak)
rCorr   .            (no gloves)
SInv    .            (no boots)
Will    .....        (no amulet)
Stlth   +++          (no ring)
HPRegen 0.25/turn    (no ring)
MPRegen 0.12/turn

%: no passive effects
@: very slightly contaminated, invisible
A: fangs 1, strong nose, distributed training
a: no special abilities


You were on level 3 of the Dungeon.
You visited 1 branch of the dungeon, and saw 3 of its levels.

You collected 136 gold pieces.

Inventory:

Hand Weapons
 a - a +1 dagger (weapon)
 n - a +0 dagger of holy wrath
Armour
 b - a +0 robe (worn)
 q - a +2 kite shield
Jewellery
 o - a +5 ring of evasion
Scrolls
 d - 2 scrolls of enchant armour {unknown}
 e - a scroll of amnesia {unknown}
 f - a scroll of poison {unknown}
 h - a scroll of immolation {unknown}
 k - a scroll of revelation {unknown}
 l - 3 scrolls of identify {unknown}
 m - a scroll of enchant weapon {unknown}
 p - a scroll of teleportation {unknown}
Potions
 c - a potion of invisibility
 g - 4 potions of heal wounds {unknown}
 i - a potion of curing {unknown}
 j - a potion of haste {unknown}


   Skills:
 + Level 1.2 Fighting
 + Level 2.8 Short Blades
 + Level 1.2 Long Blades
 + Level 1.2 Axes
 + Level 1.2 Maces & Flails
 + Level 1.2 Polearms
 + Level 1.2 Staves
 + Level 1.2 Ranged Weapons
 + Level 1.2 Throwing
 + Level 1.2 Armour
 + Level 4.6 Dodging
 + Level 6.0 Stealth
 + Level 1.2 Shields
 + Level 1.2 Unarmed Combat
 + Level 5.1 Spellcasting
 + Level 1.0 Conjurations
 + Level 5.5 Hexes
 + Level 1.0 Summonings
 + Level 1.0 Necromancy
 + Level 1.0 Translocations
 + Level 1.0 Fire Magic
 + Level 1.0 Ice Magic
 + Level 1.0 Air Magic
 + Level 1.0 Earth Magic
 + Level 1.0 Alchemy
 + Level 1.3 Invocations
 + Level 1.2 Evocations
 + Level 1.1 Shapeshifting


You had 2 spell levels left.
You knew the following spells:

 Your Spells              Type           Power      Damage    Failure   Level
a - Ensorcelled Hibernat  Hex/Ice        24%        N/A       7%          2
b - Confusing Touch       Hex            18%        N/A       5%          3
c - Tukima's Dance        Hex            18%        N/A       5%          3
d - Dazzling Flash        Conj/Hex       24%        N/A       14%         3

Your spell library contained the following spells:

 Spells                   Type           Power      Damage    Failure   Level
 Slow                     Hex            72%        N/A       1%          1
 Sigil of Binding         Hex            18%        N/A       5%          3
 Vampiric Draining        Necr           6%         2d6       34%         3


Dungeon Overview and Level Annotations

Branches:
Dungeon (3/15)

Altars:
Qazlal
Ru

Annotations:
D:3 Ijyb


Innate Abilities, Weirdness & Mutations

You have very sharp teeth.
Your uncanny sense of smell can sniff out nearby items.
Your experience applies equally to all skills.


Message History

Confirm with . or Enter, or press ? or * to list all spells.
Aiming: Ensorcelled Hibernation (safe; 7% risk of failure)
Press: ? - help, Shift-Dir - straight line, f - Ijyb
Aim: Ijyb, wielding a +0 dagger, wearing a +0 leather armour and carrying a wand of mindburst (chance to affect: 54%)
You miscast Ensorcelled Hibernation.
You are very lightly contaminated with residual magic.
Nothing appears to happen.
Ijyb closely misses you.
Casting: Ensorcelled Hibernation (safe; 7% risk of failure)
Confirm with . or Enter, or press ? or * to list all spells.
Aiming: Ensorcelled Hibernation (safe; 7% risk of failure)
Press: ? - help, Shift-Dir - straight line, f/p - Ijyb
Aim: Ijyb, wielding a +0 dagger, wearing a +0 leather armour and carrying a wand of mindburst (chance to affect: 54%) Ijyb resists with significant effort.
Ijyb hits you with a +0 dagger.
Casting: Ensorcelled Hibernation (safe; 7% risk of failure)
Confirm with . or Enter, or press ? or * to list all spells.
Aiming: Ensorcelled Hibernation (safe; 7% risk of failure)
Press: ? - help, Shift-Dir - straight line, f/p - Ijyb
Aim: Ijyb, wielding a +0 dagger, wearing a +0 leather armour and carrying a wand of mindburst (chance to affect: 54%) Ijyb resists with significant effort.
Ijyb zaps a wand.
Your mind is blasted!
* * * LOW HITPOINT WARNING * * *
Casting: Ensorcelled Hibernation (safe; 7% risk of failure)
Confirm with . or Enter, or press ? or * to list all spells.
Aiming: Ensorcelled Hibernation (safe; 7% risk of failure)
Press: ? - help, Shift-Dir - straight line, f/p - Ijyb
Aim: Ijyb, wielding a +0 dagger, wearing a +0 leather armour and carrying a wand of mindburst (chance to affect: 54%) Ijyb resists with significant effort.
Ijyb hits you with a +0 dagger.
* * * LOW HITPOINT WARNING * * *
Casting: Ensorcelled Hibernation (safe; 7% risk of failure)
Confirm with . or Enter, or press ? or * to list all spells.
Aiming: Ensorcelled Hibernation (safe; 7% risk of failure)
Press: ? - help, Shift-Dir - straight line, f/p - Ijyb
Aim: Ijyb, wielding a +0 dagger, wearing a +0 leather armour and carrying a wand of mindburst (chance to affect: 54%) Ijyb resists with significant effort.
Ijyb hits you with a +0 dagger.
* * * LOW HITPOINT WARNING * * *
You fade into invisibility!
Ijyb barely misses you.
You barely miss Ijyb. You barely miss Ijyb. Ijyb hits you with a +0 dagger.
You die...

.... # #####.... #
#........ # #........ #
∆ #........ ∆ # ∆
+........ #........
#..#######..############
#.....g@................
##.#########..##########
##.# #.# #.. ###. ∆ ## ∆
∆ ∆


You could see Ijyb (unable to see you).

Vanquished Creatures
  2 adders
  3 dart slugs
  A ribbon worm (D:2)
  5 ball pythons
  4 endoplasms
  4 giant cockroaches (D:1)
  2 goblins (D:1)
  A hobgoblin (D:2)
  4 jackals (D:1)
  5 kobolds
  5 quokkas
  6 bats
  2 frilled lizards
  8 rats
52 creatures vanquished.

Notes
Turn   | Place    | Note
-------+----------+-------------------------------------------
     0 | D:1      | Ashen the Gnoll Enchanter began the quest for the Orb.
     0 | D:1      | Reached XP level 1. HP: 13/13 MP: 6/6
    83 | D:1      | Reached XP level 2. HP: 9/19 MP: 7/7
   105 | D:1      | Learned a level 2 spell: Ensorcelled Hibernation
   389 | D:1      | Reached skill level 5 in Spellcasting
   389 | D:1      | Reached XP level 3. HP: 21/25 MP: 5/9
   435 | D:1      | Found a faded altar of an unknown god.
   441 | D:1      | Reached skill level 6 in Stealth
   615 | D:1      | Reached skill level 1 in Invocations
   769 | D:2      | Learned a level 3 spell: Confusing Touch
   773 | D:2      | Learned a level 3 spell: Tukima's Dance
   777 | D:2      | Learned a level 3 spell: Dazzling Flash
  1083 | D:2      | Reached skill level 1 in Fighting
  1083 | D:2      | Reached skill level 1 in Long Blades
  1083 | D:2      | Reached skill level 1 in Axes
  1083 | D:2      | Reached skill level 1 in Maces & Flails
  1083 | D:2      | Reached skill level 1 in Polearms
  1083 | D:2      | Reached skill level 1 in Staves
  1083 | D:2      | Reached skill level 1 in Ranged Weapons
  1083 | D:2      | Reached skill level 1 in Throwing
  1083 | D:2      | Reached skill level 1 in Armour
  1083 | D:2      | Reached skill level 1 in Shields
  1083 | D:2      | Reached skill level 1 in Unarmed Combat
  1083 | D:2      | Reached skill level 1 in Evocations
  1262 | D:2      | Reached skill level 1 in Shapeshifting
  1262 | D:2      | Reached XP level 4. HP: 30/32 MP: 11/11
  1925 | D:3      | Found a sacrificial altar of Ru.
  1947 | D:3      | Found a stormy altar of Qazlal.
  2063 | D:3      | Reached skill level 1 in Conjurations
  2063 | D:3      | Reached skill level 1 in Summonings
  2063 | D:3      | Reached skill level 1 in Necromancy
  2063 | D:3      | Reached skill level 1 in Translocations
  2063 | D:3      | Reached skill level 1 in Fire Magic
  2063 | D:3      | Reached skill level 1 in Ice Magic
  2063 | D:3      | Reached skill level 1 in Air Magic
  2063 | D:3      | Reached skill level 1 in Earth Magic
  2063 | D:3      | Reached skill level 1 in Alchemy
  2140 | D:3      | Noticed Ijyb
  2152 | D:3      | Slain by Ijyb

Illustrated notes

Levels and vault maps discovered:
D:1:      spicycebolla_green_bress_n_ham, layout_rooms,
          shapermc_ecumenical_altar_gd
D:2:      kennysheep_big_flooded_room, layout_loops_corners
D:3:      layout_basic, mainiacjoe_overflow_concentric_impassable,
          mainiacjoe_overflow_alcove_1, uniq_ijyb

Skill      XL: |  1  2  3  4 |
---------------+-------------+-----
Spellcasting   | 5 |  5.1
Stealth        | 6 |  6.0
Invocations    | 1 |  1.3
Fighting       | 1 |  1.2
Long Blades    | 1 |  1.2
Axes           | 1 |  1.2
Maces & Flails | 1 |  1.2
Polearms       | 1 |  1.2
Staves         | 1 |  1.2
Ranged Weapons | 1 |  1.2
Throwing       | 1 |  1.2
Armour         | 1 |  1.2
Shields        | 1 |  1.2
Unarmed Combat | 1 |  1.2
Evocations     | 1 |  1.2
Shapeshifting  | 1 |  1.1
Conjurations   | 1 |  1.0
Summonings     | 1 |  1.0
Necromancy     | 1 |  1.0
Translocations | 1 |  1.0
Fire Magic     | 1 |  1.0
Ice Magic      | 1 |  1.0
Air Magic      | 1 |  1.0
Earth Magic    | 1 |  1.0
Alchemy        | 1 |  1.0
Short Blades   | |  2.8
Dodging        | |  4.6
Hexes          | |  5.5

Action                     |  1- 3 |  4- 6 || total
---------------------------+-------+-------++-------
  Melee: Dagger            |   135 |    18 ||   153
         Bite              |    15 |       ||    15
         Punch             |     2 |       ||     2
   Cast: Ensorcelled Hiber |    16 |     7 ||    23
    Use: Potion            |       |     1 ||     1
   Stab: Sleeping          |    22 |     9 ||    31
         Distracted        |     1 |       ||     1
 Armour: Robe              |    67 |     8 ||    75
  Dodge: Dodged            |   109 |     6 ||   115
